 Dungeon Crawl Stone Soup version 0.30.1-11-g7821555f0a (webtiles) character file.

Game seed: 11253126481871237951

5 monsoonserge the Conjurer (level 1, -2/12 HPs)
             Began as a Tengu Reaver on Jan 12, 2024.
             Slain by a kobold
             ... wielding a +0 mace
              (5 damage)
             ... on level 1 of the Dungeon.
             The game lasted 00:00:38 (170 turns).

monsoonserge the Conjurer (Tengu Reaver)             Turns: 170, Time: 00:00:39

Health: -2/12      AC:  3    Str: 12    XL:     1   Next: 80%
Magic:  4/4        EV: 11    Int: 13    God:
Gold:   25         SH:  0    Dex: 12    Spells: 3/4 levels left

rFire   . . .        a - +0 mace
rCold   . . .        (no shield)
rNeg    . . .        b - +0 leather armour
rPois   .            (helmet restricted)
rElec   .            (no cloak)
rCorr   .            (no gloves)
SInv    .            (boots unavailable)
Will    .....        (no amulet)
Stlth   +            (no ring)
HPRegen 0.22/turn    (no ring)
MPRegen 0.09/turn

%: no passive effects
@: no status effects
A: beak, talons 3
a: no special abilities


You were on level 1 of the Dungeon.
You visited 1 branch of the dungeon, and saw 1 of its levels.

You collected 25 gold pieces.

Inventory:

Hand Weapons
 a - a +0 mace (weapon)
Armour
 b - a +0 leather armour (worn)
Scrolls
 c - a scroll of identify {unknown}


   Skills:
 + Level 2.0 Fighting
 + Level 3.4 Maces & Flails
 + Level 2.2 Dodging
 - Level 2.0 Spellcasting
 + Level 4.2 Conjurations
 * Level 0.2 Necromancy


You had 3 spell levels left.
You knew the following spells:

 Your Spells              Type           Power      Damage    Failure   Level
a - Kiss of Death         Conj/Necr      28%        2d7       13%         1

Your spell library contained the following spells:

 Spells                   Type           Power      Damage    Failure   Level
 Momentum Strike          Conj/Tloc      12%        3d8       21%         2
 Hailstorm                Conj/Ice       6%         3d4       38%         3


Dungeon Overview and Level Annotations

Branches:
Dungeon (1/15)

Altars:


Innate Abilities, Weirdness & Mutations

You have a beak for a mouth.
You have claws for feet.


Message History

There is a large open door here.
There is a large open door here.
You closely miss the goblin. Your kick misses the goblin.
The goblin barely misses you.
You hit the goblin. You claw the goblin.
You kill the goblin!
Things that are here:
3 stones; a goblin corpse The goblin throws a stone.
The stone hits you but does no damage.
The goblin throws a stone.
The stone misses you. The goblin barely misses you.
You hit the goblin.
The goblin is heavily wounded.
The goblin barely misses you.
You closely miss the goblin.
The goblin is heavily wounded.
The goblin hits you but does no damage.
You completely miss the goblin. Your kick misses the goblin.
The goblin is heavily wounded.
The goblin closely misses you. x2
You closely miss the goblin. You claw the goblin.
You kill the goblin!
Things that are here:
6 stones; a goblin corpse The kobold shouts!
There is an open door here.
The kobold hits you with a +0 mace.
There is an open door here.
You see here 12 gold pieces.
You hit the kobold but do no damage. You claw the kobold.
The kobold is heavily wounded.
The kobold hits you with a +0 mace.
You barely miss the kobold.
The kobold is heavily wounded.
The kobold hits you with a +0 mace.
* * * LOW HITPOINT WARNING * * *
You barely miss the kobold. You claw the kobold.
The kobold is severely wounded.
The kobold hits you with a +0 mace.
You die...

#############
####...........####
###...#####'#####...### #.#
##..#####≈§§≈≈§≈#####..## #.#
##.### #§≈§§....≈≈§# ###.## #.#
#.## #....@K...[.# ##.# #.# #.#
######'###### #.# #.###.#####
###8'8#8### #####.##
#.##.##≈§.###.........###...##.#
#.##.#§≈§.##...........##....#.#
#..#.#§§§.##....(.......#....#.#
##...'≈g..'8.....<...........'.#
###.#≈...#'............#....#.#
#.# ≈..##...........##....#.#


You could see a kobold.

Vanquished Creatures
  2 goblins (D:1)
  2 hobgoblins (D:1)
4 creatures vanquished.

Notes
Turn   | Place    | Note
-------+----------+-------------------------------------------
     0 | D:1      | monsoonserge the Tengu Reaver began the quest for the Orb.
     0 | D:1      | Reached XP level 1. HP: 12/12 MP: 4/4
   170 | D:1      | Slain by a kobold

Illustrated notes

Levels and vault maps discovered:
D:1:      dpeg_arrival_morbid_curiosity, layout_basic,
          nicolae_concentric_dashed_squares_mild, dreamdust_wishing_well

Action                     || total
---------------------------++-------
  Melee: Mace              ||    13
         Kick              ||     6
 Armour: Leather armour    ||     2
  Dodge: Dodged            ||     8
